 Dungeon Crawl Stone Soup version 0.18-b1-22-ge198996 (webtiles) character file.

191 oplop the Shield-Bearer (level 5, -11/48 HPs)
             Began as a Minotaur Fighter on May 4, 2016.
             Mangled by an ogre
             ... wielding a cursed +0 giant club
              (14 damage)
             ... on level 4 of the Dungeon.
             The game lasted 00:03:36 (2252 turns).

oplop the Shield-Bearer (Minotaur Fighter)          Turns: 2252, Time: 00:03:38

Health: -11/48     AC:  9    Str: 19 (20) XL:     5   Next: 41%
Magic:  4/4        EV:  7    Int:  4 (5)  God:
Gold:   82         SH: 10    Dex: 10 (11) Spells: 0 memorised, 4 levels left

rFire  . . .     SeeInvis .     a - +0 trident
rCold  . . .     Gourm    .     b - +0 scale mail
rNeg   . . .     Faith    .     c - +0 shield
rPois  .         Spirit   .     (helmet restricted)
rElec  .         Dismiss  .     w - +0 cloak
rCorr  .         Reflect  .     k - +0 pair of gloves
SustAt +         Harm     .     (no boots)
MR     .....                    (no amulet)
Stlth  ..........               (no ring)
                                l - ring of sustain attributes

@: not resistant to hostile enchantments, extremely unstealthy
A: retaliatory headbutt, horns 2
a: no special abilities


You were on level 4 of the Dungeon.
You were not hungry.

You visited 1 branch of the dungeon, and saw 4 of its levels.

You collected 82 gold pieces.

Inventory:

Hand Weapons
 a - a +0 trident (weapon)
 z - a +0 halberd
Missiles
 y - 2 throwing nets (quivered)
Armour
 b - a +0 scale mail (worn)
 c - a +0 shield (worn)
 k - a +0 pair of gloves (worn)
 w - a +0 cloak (worn)
Jewellery
 l - a ring of sustain attributes (left hand)
 p - a +2 ring of intelligence {unknown}
Scrolls
 g - a scroll of blinking {unknown}
 i - a scroll of immolation {unknown}
 n - 3 scrolls of identify {unknown}
 r - 3 scrolls of fear {unknown}
 s - a scroll of amnesia {unknown}
 t - a scroll of recharging {unknown}
 u - 2 scrolls of fog {unknown}
 v - a scroll of magic mapping {unknown}
 x - a scroll of enchant armour {unknown}
Potions
 d - a potion of might
 e - a potion of degeneration
 j - a potion of mutation {unknown}
 m - a potion of curing {unknown}
Comestibles
 f - 3 bread rations
 h - 2 royal jellies


   Skills:
 + Level 5.3 Fighting
 + Level 4.0 Polearms
 - Level 3.6 Armour
 + Level 5.4 Shields


You had 4 spell levels left.
You didn't know any spells.

Dungeon Overview and Level Annotations

Branches:
Dungeon (4/15)
 Temple: D:4-7

Altars:
Dithmenos
Nemelex Xobeh
Pakellas
Qazlal
Trog

Annotations:
D:3 Zhenya25pyc's ghost, amateur GrFi


Innate Abilities, Weirdness & Mutations

You reflexively headbutt those who attack you in melee.
You have a pair of horns on your head.


Message History

* * * LOW HITPOINT WARNING * * *
You are too injured to fight recklessly!
Unknown command.
You see here a scroll labeled CEPHIMA DIXEID.
Unknown command.
Drink which item? (? for menu, Esc to quit)
It was a potion of degeneration.
There was something very wrong with that liquid.
You feel somewhat weakened.
You feel somewhat dopey.
You feel somewhat clumsy. The ogre hits you with a giant club.
* * * LOW HITPOINT WARNING * * *
Drink which item? (? for menu, Esc to quit)
It was a potion of magic.
Magic courses through your body. You block the ogre's attack.
Quiver which item? (- for none, * to show all) (? for menu, Esc to quit)
Quivering
o - a metallic green potion for throwing.
Drink which item? (? for menu, Esc to quit)
It was a potion of cancellation.
You feel magically purged. The ogre hits you with a giant club!
You die...

#.##$# #.# #....#########.####
#....?............#
##.###..#####...#.# #.# ##.#
#......# #.####.####......#
#...............## #
#.O#######.....## # ###.@#
...8..#.## # #....#######..#.# #
#### #.#...........#.###.# #
#####..####.....[.............#
###.............###.#####.#######
.......♣♣..##.#.# #.# #.#
...........##.#.###.# #.#
####.#....###....##.# #.#
####.##...###.....#.### #.#


You could see an ogre.

Vanquished Creatures
  A phantom (D:4)
  3 gnolls (D:3)
  An adder (D:2)
  2 worms (D:3)
  3 dart slugs (D:1)
  An orc (D:3)
  8 bats
  3 giant cockroaches
  7 goblins
  5 hobgoblins
  7 jackals
  2 giant newts (D:3)
  8 kobolds
  5 rats
56 creatures vanquished.

Vanquished Creatures (others)
  A jackal (D:3)
1 creature vanquished.

Grand Total: 57 creatures vanquished

Notes
Turn   | Place    | Note
--------------------------------------------------------------
     0 | D:1      | oplop the Minotaur Fighter began the quest for the Orb.
     0 | D:1      | Reached XP level 1. HP: 19/19 MP: 0/0
    79 | D:1      | Reached XP level 2. HP: 25/27 MP: 1/1
   234 | D:1      | Reached XP level 3. HP: 25/33 MP: 2/2
  1132 | D:2      | Found a sparkling altar of Nemelex Xobeh.
  1305 | D:2      | Found a shadowy altar of Dithmenos.
  1370 | D:3      | Found a stormy altar of Qazlal.
  1563 | D:3      | Reached XP level 4. HP: 29/41 MP: 3/3
  1746 | D:3      | Found a bloodstained altar of Trog.
  1919 | D:3      | Reached skill level 5 in Shields
  2011 | D:3      | Noticed Zhenya25pyc's ghost (amateur GrFi)
  2127 | D:4      | Found an oddly glowing altar of Pakellas.
  2139 | D:4      | Noticed a phantom
  2156 | D:4      | Killed a phantom
  2156 | D:4      | Reached skill level 5 in Fighting
  2156 | D:4      | Reached XP level 5. HP: 23/48 MP: 4/4
  2236 | D:4      | Noticed an ogre
  2250 | D:4      | HP: 2/48 [ogre/giant club (4)]
  2252 | D:4      | Mangled by an ogre

Skill      XL: |  1  2  3  4 |
---------------+-------------+-----
Shields        | 4 5 |  5.4
Fighting       | 4 5 |  5.3
Polearms       | 3 4 |  4.0
Armour         | |  3.6

Action                   |  1- 3 |  4- 6 || total
-------------------------+-------+-------++-------
Melee: Trident           |   111 |    54 ||   165
       Headbutt          |    17 |     7 ||    24
  Use: Potion            |       |     3 ||     3
  Eat: Chunk             |     2 |     2 ||     4
Armor: Scale mail        |    42 |    16 ||    58
Dodge: Dodged            |    24 |    13 ||    37
Block: Shield            |    53 |    19 ||    72
